 Dungeon Crawl Stone Soup version 0.31-a0-875-g02e7d12df6 (webtiles) character file.

Game seed: 12551815086293624724

30 randomguy2701 the Reanimator (level 3, -2/28 HPs)
             Began as a Gnoll Wanderer on Oct 13, 2023.
             Slain by an iguana (8 damage)
             ... on level 3 of the Dungeon.
             The game lasted 00:03:24 (1382 turns).

randomguy2701 the Reanimator (Gnoll Wanderer)       Turns: 1382, Time: 00:03:25

Health: -2/28      AC:  8    Str: 13    XL:     3   Next: 20%
Magic:  1/7        EV: 10    Int: 12    God:
Gold:   72         SH:  0    Dex: 10    Spells: 3/7 levels left

rFire   . . .        a - +0 club
rCold   . . .        (no shield)
rNeg    . . .        b - +0 ring mail
rPois   .            g - +2 hat
rElec   .            (no cloak)
rCorr   .            (no gloves)
SInv    .            (no boots)
Will    .....        (no amulet)
Stlth   +            (no ring)
HPRegen 0.24/turn    (no ring)
MPRegen 0.10/turn

%: no passive effects
@: no status effects
A: fangs 1, strong nose, distributed training
a: no special abilities


You were on level 3 of the Dungeon.
You visited 1 branch of the dungeon, and saw 4 of its levels.

You collected 72 gold pieces.

Inventory:

Hand Weapons
 a - a +0 club (weapon)
Armour
 b - a +0 ring mail (worn)
 g - a +2 hat (worn)
Scrolls
 d - a scroll of fog
 e - a scroll of fear
 f - a scroll of identify
Potions
 i - 2 potions of resistance
 j - a potion of curing {unknown}


   Skills:
 + Level 2.6 Fighting
 + Level 0.7 Short Blades
 + Level 0.7 Long Blades
 + Level 0.7 Axes
 + Level 0.7 Maces & Flails
 + Level 0.7 Polearms
 + Level 0.7 Staves
 + Level 0.7 Ranged Weapons
 + Level 0.7 Throwing
 + Level 4.5 Armour
 + Level 0.7 Dodging
 + Level 2.3 Stealth
 + Level 0.7 Shields
 + Level 0.7 Unarmed Combat
 + Level 2.8 Spellcasting
 + Level 0.5 Conjurations
 + Level 0.5 Hexes
 + Level 0.5 Summonings
 + Level 8.7 Necromancy
 + Level 0.5 Translocations
 + Level 0.5 Transmutations
 + Level 0.5 Fire Magic
 + Level 0.5 Ice Magic
 + Level 0.5 Air Magic
 + Level 0.5 Earth Magic
 + Level 0.5 Poison Magic
 + Level 0.9 Invocations
 + Level 0.7 Evocations
 + Level 0.6 Shapeshifting


You had 3 spell levels left.
You knew the following spells:

 Your Spells              Type           Power      Damage    Failure   Level
a - Kiss of Death         Conj/Necr      48%        2d9       8%          1
b - Vampiric Draining     Necr           22%        2d7       4%          3

Your spell library contained the following spells:

 Spells                   Type           Power      Damage    Failure   Level
 Magic Dart               Conj           8%         1d3       38%         1
 Searing Ray              Conj           4%         2d4       52%         2
 Anguish                  Hex/Necr       6%         N/A       58%         4
 Fulminant Prism          Conj/Hex       1%         3d5       99%         4


Dungeon Overview and Level Annotations

Branches:
Dungeon (4/15)
 Temple: D:4-7

Altars:


Innate Abilities, Weirdness & Mutations

You have very sharp teeth.
Your uncanny sense of smell can sniff out nearby items.
Your experience applies equally to all skills.


Message History

The iguana bites you.
You climb upwards.
Found a ring mail and a quarterstaff.
There is a stone staircase leading down here.
You are too injured to fight recklessly!
Casting: Vampiric Draining (dangerous; 4% risk of failure)
Confirm with . or Enter, or press ? or * to list all spells.
Aiming: Vampiric Draining (dangerous; 4% risk of failure)
Press: ? - help, Shift-Dir - straight line, f - iguana
Aim: an iguana (lightly wounded)
You draw life force from the iguana!
You feel life coursing into your body. The iguana bites you!
The bat completely misses you.
Unknown command.
You hit the iguana but do no damage.
The iguana is severely wounded.
The bat barely misses you.
The iguana bites you but does no damage. x2
You hit the iguana.
The iguana is severely wounded.
The bat hits you but does no damage. The iguana bites you.
You hit the iguana.
The iguana is severely wounded.
The bat barely misses you. The bat hits you but does no damage.
The iguana barely misses you.
You hit the iguana but do no damage.
The iguana is severely wounded.
The bat barely misses you. The iguana barely misses you.
You hit the iguana but do no damage.
The iguana is severely wounded.
The bat barely misses you. The iguana closely misses you. The bat hits you.
The iguana bites you.
* * * LOW HITPOINT WARNING * * *
You hit the iguana but do no damage. You bite the iguana, but do no damage.
The iguana is severely wounded.
The bat hits you but does no damage. The iguana misses you.
The bat completely misses you.
You barely miss the iguana.
The iguana is severely wounded.
The bat hits you but does no damage. The iguana bites you!
You die...

## # #. .#
######.###.#
...........#
......[....####
.......@b......
......l....#.##
....)......#
...........#
...........#
...........#
...........#
...........#


You could see an iguana and a bat.

Vanquished Creatures
  2 orcs (D:4)
  2 ball pythons (D:1)
  3 endoplasms
  A giant cockroach (D:1)
  5 hobgoblins
  A kobold (D:1)
  2 quokkas
  4 bats
  2 frilled lizards
  A goblin (D:4)
  3 rats
26 creatures vanquished.

Notes
Turn   | Place    | Note
-------+----------+-------------------------------------------
     0 | D:1      | randomguy2701 the Gnoll Wanderer began the quest for the
                  | Orb.
     0 | D:1      | randomguy2701 set off with the following items: a +0 club,
                  | a +0 ring mail, a scroll of teleportation, a scroll of fog;
                  | and the following spell memorised: Kiss of Death; and the
                  | following spells available to memorise: Vampiric Draining,
                  | Anguish.
     0 | D:1      | Reached XP level 1. HP: 17/17 MP: 4/4
   283 | D:1      | Reached XP level 2. HP: 23/23 MP: 5/5
   487 | D:1      | Found a faded altar of an unknown god.
  1181 | D:2      | Reached XP level 3. HP: 28/28 MP: 7/7
  1185 | D:2      | Learned a level 3 spell: Vampiric Draining
  1188 | D:2      | You fall into a shaft and drop 2 floors!
  1297 | D:4      | Noticed a black bear
  1359 | D:4      | Noticed an ogre
  1382 | D:3      | Slain by an iguana

Illustrated notes

Levels and vault maps discovered:
D:1:      lemuel_arrival_river_bridge, layout_basic,
          shapermc_ecumenical_altar_pompeii, minmay_liquid_box
D:2:      minmay_evil_eye, layout_loops_cross, basic_altar
D:3:      minmay_recursive_quarters, layout_basic, kennysheep_okawaru_gauntlet,
          lemuel_zombie_altar_yredelemnul, nicolae_overflow_squiral
D:4:      layout_cave_pods, mainiacjoe_overflow_swirl, hangedman_decor_push,
          grunt_ministairs_8, uniq_edmund

Action                     || total
---------------------------++-------
  Melee: Club              ||   113
         Bite              ||     7
         Punch             ||     1
   Cast: Vampiric Draining ||     6
    Use: Scroll            ||     4
   Stab: Sleeping          ||     1
 Armour: Ring mail         ||   102
  Dodge: Dodged            ||    89

Table legend: (Time is in decaauts)
 A = Elapsed time spent in this place.
 B = Non-inter-level travel time spent in this place.
 C = Inter-level travel time spent in this place.
 D = Time resting spent in this place.
 E = Time spent auto-exploring this place.
 F = Levels seen in this place.
 G = Mean time per level.
                   A        B        C        D        E       F      G
               +--------+--------+--------+--------+--------+-----+--------+
         Total |   1413 |   1321 |     92 |     29 |    967 |   4 |  353.2 |
       Dungeon |   1413 |   1321 |     92 |     29 |    967 |   4 |  353.2 |
               +--------+--------+--------+--------+--------+-----+--------+

Top non-repeatable levels by time:
     D:1: 1064 daAuts
     D:4: 186 daAuts
     D:2: 153 daAuts
     D:3: 9 daAuts
